 Dungeon Crawl Stone Soup version 0.31-a0-233-g139696dc86 (webtiles) character file.

Game seed: 8308423226542235485

80 qw the Shooter (level 4, 0/26 HPs)
             Began as a Gargoyle Hexslinger on July 8, 2023.
             Slain by Sigmund
             ... wielding a +4 scythe of flaming
              (3 damage)
             ... on level 2 of the Dungeon.
             The game lasted 00:00:38 (1061 turns).

qw the Shooter (Gargoyle Hexslinger)                Turns: 1061, Time: 00:00:38

Health: 0/26       AC:  6    Str: 11    XL:     4   Next: 39%
Magic:  5/5        EV: 16    Int: 14    God:
Gold:   60         SH:  0    Dex: 14    Spells: 4/5 levels left

rFire   . . .        Y - +1 sling
rCold   . . .        (no shield)
rNeg    + . .        a - +0 leather armour
rPois   inf          (no helmet)
rElec   +            (no cloak)
rCorr   .            (no gloves)
SInv    .            (no boots)
Will    .....        (no amulet)
Stlth   +            f - +5 ring of evasion
HPRegen 0.24/turn    (no ring)
MPRegen 0.09/turn

%: no passive effects
@: confused
A: sickness immunity, AC +3, negative energy resistance 1, electricity
resistance, torment resistance 1, petrification resistance
a: no special abilities


You were on level 2 of the Dungeon.
You visited 1 branch of the dungeon, and saw 2 of its levels.

You collected 60 gold pieces.


Innate Abilities, Weirdness & Mutations

You are immune to sickness and miasma.
Your stone body is resilient. (AC +3)
You are immune to poison.
You resist negative energy. (rN+)
You are resistant to electric shocks. (rElec)
You are resistant to unholy torment.
You are immune to petrification.


   Skills:
 - Level 2.0 Fighting
 + Level 4.2 Ranged Weapons
 - Level 1.5 Dodging
 - Level 1.0 Spellcasting
 - Level 2.6 Hexes


You had 4 spell levels left.
You knew the following spells:

 Your Spells              Type           Power      Damage    Failure   Level
a - Slow                  Hex            32%        N/A       12%         1

Your spell library contained the following spells:

 Spells                   Type           Power      Damage    Failure   Level
 Inner Flame              Hex/Fire       4%         N/A       52%         3
 Portal Projectile        Hex/Tloc       8%         N/A       52%         3
 Cause Fear               Hex            4%         N/A       75%         4

Inventory:

Hand Weapons
 Y - a +1 sling (weapon)
Armour
 a - a +0 leather armour (worn)
Jewellery
 f - a +5 ring of evasion (left hand)
Scrolls
 b - a scroll of enchant armour
Potions
 d - 2 potions of heal wounds {unknown}
 h - a potion of enlightenment {unknown}

Dungeon Overview and Level Annotations

Branches:
Dungeon (2/15)

Altars:

Annotations:
D:2 Sigmund


Message History

The sling bullet closely misses Sigmund.
Sigmund misses you.
You shoot a sling bullet.
The sling bullet hits Sigmund but does no damage.
Sigmund is lightly wounded.
Sigmund closely misses you.
You shoot a sling bullet. The sling bullet barely misses Sigmund.
You shoot a sling bullet. The sling bullet hits Sigmund.
Sigmund is lightly wounded.
Sigmund misses you.
You shoot a sling bullet.
The sling bullet closely misses Sigmund.
Sigmund casts a spell at you.
You are confused.
Sigmund barely misses you.
Sigmund hits you from afar with a +4 scythe of flaming!
Sigmund burns you. Sigmund looks at you with fury.
Sigmund hits you from afar with a +4 scythe of flaming.
Sigmund burns you.
You feel less confused. Sigmund closely misses you.
Sigmund casts a spell at you.
You are confused.
Sigmund hits you from afar with a +4 scythe of flaming!
Sigmund burns you. Sigmund misses you.
You feel less confused. Sigmund gestures at you while chanting.
The magic dart hits you.
1057 ||| FLEEEEING.
Sigmund says, "Your kind have come here before.
I understand now why.
You desire death..."
1058 ||| FLEEEEING.
You see here a hobgoblin corpse.
1059 ||| FLEEEEING.
You shoot a sling bullet. The sling bullet barely misses Sigmund.
Sigmund casts a spell at you.
You are confused.
Sigmund hits you from afar with a +4 scythe of flaming.
You die...

#####.# #)# #.# #
#.######)###.# #
#..<#......#.#
#########.##.#.#.#
........[......#.#
#########.##.###.#
#.#......#
#.#......#
#.#.####@# ..#.#
#%###########
.##.#
#.@#........# .
#.# ##..........#
..# ##.........#
### ##........#
#........#
#........#
#........#


You could see Sigmund.

Vanquished Creatures
  3 gnolls
  2 dart slugs (D:1)
  4 orcs
  2 endoplasms (D:1)
  3 goblins (D:1)
  6 hobgoblins
  5 kobolds
  2 quokkas (D:1)
  7 ball pythons
  A bat (D:1)
  3 frilled lizards
  2 rats (D:1)
40 creatures vanquished.

Notes
Turn   | Place    | Note
-------+----------+-------------------------------------------
     0 | D:1      | qw the Gargoyle Hexslinger began the quest for the Orb.
     0 | D:1      | Reached XP level 1. HP: 12/12 MP: 2/2
     0 | D:1      | 0 ||| qw: Version: 0.3-a-46-gb1f654a
     0 | D:1      | 0 ||| qw: Game counter: 3746
     0 | D:1      | 0 ||| qw: Melee chars always use a shield: true
     0 | D:1      | 0 ||| qw: God list: Okawaru
     0 | D:1      | 0 ||| qw: Allow faded altars: false
     0 | D:1      | 0 ||| qw: Do Orc after clearing Dungeon:15 true
     0 | D:1      | 0 ||| qw: Do second Lair branch before Depths: true
     0 | D:1      | 0 ||| qw: Lair rune preference: random
     0 | D:1      | 0 ||| qw: Goals: Normal
     0 | D:1      | 0 ||| PLANNING D:1-11
   158 | D:1      | Reached XP level 2. HP: 16/16 MP: 3/3
   199 | D:1      | Reached skill level 3 in Ranged Weapons
   359 | D:1      | Reached XP level 3. HP: 21/21 MP: 4/4
   697 | D:1      | 697 ||| UPGRADING to +5 ring of evasion.
   698 | D:1      | 698 ||| READING scroll labelled AGIALLI ECILOE.
   699 | D:1      | 699 ||| READING scroll labelled JONUOLIMUD.
   700 | D:1      | 700 ||| READING scroll labelled BIDIPS OVAIDU.
   701 | D:1      | 701 ||| DROPPING scroll of poison.
   777 | D:2      | HP: 4/21 [gnoll/+0 spear (5)]
   784 | D:2      | 784 ||| FLEEEEING.
   787 | D:2      | 787 ||| FLEEEEING.
   788 | D:2      | 788 ||| FLEEEEING.
   790 | D:2      | 790 ||| FLEEEEING.
   791 | D:2      | 791 ||| FLEEEEING.
   792 | D:2      | 792 ||| FLEEEEING.
   793 | D:2      | 793 ||| FLEEEEING.
   794 | D:2      | 794 ||| FLEEEEING.
   795 | D:2      | 795 ||| FLEEEEING.
   796 | D:2      | 796 ||| FLEEEEING.
   799 | D:2      | 799 ||| FLEEEEING.
   800 | D:2      | 800 ||| FLEEEEING.
   803 | D:2      | 803 ||| FLEEEEING.
   806 | D:2      | 806 ||| FLEEEEING.
   807 | D:2      | 807 ||| FLEEEEING.
   808 | D:2      | 808 ||| FLEEEEING.
   809 | D:2      | 809 ||| FLEEEEING.
   810 | D:2      | 810 ||| FLEEEEING.
   811 | D:2      | 811 ||| FLEEEEING.
   815 | D:2      | 815 ||| FLEEEEING.
   816 | D:2      | 816 ||| FLEEEEING.
   817 | D:2      | 817 ||| FLEEEEING.
   818 | D:2      | 818 ||| FLEEEEING.
   819 | D:2      | 819 ||| FLEEEEING.
   820 | D:2      | 820 ||| FLEEEEING.
   821 | D:2      | 821 ||| FLEEEEING.
   822 | D:2      | 822 ||| FLEEEEING.
   823 | D:2      | 823 ||| FLEEEEING.
   824 | D:2      | 824 ||| STAIRDANCE
   855 | D:2      | 855 ||| STAIRDANCE
   859 | D:1      | Reached XP level 4. HP: 22/26 MP: 5/5
   876 | D:2      | 876 ||| STAIRDANCE
   880 | D:1      | Reached skill level 4 in Ranged Weapons
   924 | D:2      | 924 ||| STAIRDANCE
   946 | D:1      | 946 ||| UPGRADING to +0 leather armour.
   956 | D:1      | 956 ||| DROPPING +0 robe.
  1030 | D:2      | Noticed Sigmund
  1049 | D:2      | HP: 5/26 [Sigmund/+4 scythe of flaming (9)]
  1055 | D:2      | HP: 1/26 [Sigmund/magic dart (3)]
  1057 | D:2      | 1057 ||| FLEEEEING.
  1058 | D:2      | 1058 ||| FLEEEEING.
  1059 | D:2      | 1059 ||| FLEEEEING.
  1061 | D:2      | Slain by Sigmund

Levels and vault maps discovered:
D:1:      minmay_arrival_open_corners, layout_basic
D:2:      layout_basic, basic_altar, uniq_sigmund

Skill      XL: |  1  2  3  4 |
---------------+-------------+-----
Ranged Weapons | 3 4 |  4.2
Fighting       | 2 |  2.0
Dodging        | |  1.5
Spellcasting   | |  1.0
Hexes          | |  2.6

Action                     |  1- 3 |  4- 6 || total
---------------------------+-------+-------++-------
   Fire: Sling             |   103 |    21 ||   124
    Use: Scroll            |     3 |       ||     3
 Armour: Robe              |     8 |       ||     8
  Dodge: Dodged            |    32 |    13 ||    45

Table legend:
 A = Non-vault XP
 B = Vault XP
 C = Vault XP percentage of total XP
 D = Non-vault monster count
 E = Vault monster count
 F = Vault count percentage of total count
                 A         B        C        D         E       F
            +---------+---------+-------+---------+---------+-------
      Total |     115 |       0 |   0.0 |      40 |       0 |   0.0
            +---------+---------+-------+---------+---------+-------
        D:1 |      83 |       0 |   0.0 |      31 |       0 |   0.0
        D:2 |      32 |       0 |   0.0 |       9 |       0 |   0.0
            +---------+---------+-------+---------+---------+-------
